 Dungeon Crawl Stone Soup version 0.16.2-12-gd0ad4c3 (webtiles) character file.

4351 faibistes the Thaumaturge (level 10, -8/56 HPs)
             Began as a Deep Elf Wizard on Mar 22, 2018.
             Was a Priest of Sif Muna.
             Mangled by a spiny frog (19 damage)
             ... on level 1 of the Lair of Beasts.
             The game lasted 00:38:26 (11661 turns).

faibistes the Thaumaturge (Deep Elf Wizard)        Turns: 11661, Time: 00:38:26

Health: -8/56      AC:  4    Str:  4    XL:     10   Next: 12%
Magic:  24/32      EV: 15    Int: 27    God:    Sif Muna [***...]
Gold:   420        SH:  0    Dex: 13    Spells: 8 memorised, 11 levels left

rFire  . . .     SeeInvis .     w - +0 dagger (venom)
rCold  . . .     Clarity  .     a - +0 robe
rNeg   . . .     SustAb   .     (no shield)
rPois  .         Gourm    .     b - +0 hat
rElec  .         Spirit   .     r - +1 cloak
rCorr  .         Warding  .     (no gloves)
rMut   .         Stasis   .     (no boots)
MR     +....                    (no amulet)
Stlth  ++........               (no ring)
                                (no ring)

@: lethally poisoned (-8 -> -29), repel missiles, somewhat resistant to hostile
enchantments, unstealthy
A: no striking features
a: Channel Energy, Forget Spell, Renounce Religion


You were on level 1 of the Lair of Beasts.
You worshipped Sif Muna.
Sif Muna was most pleased with you.
You were hungry.

You visited 3 branches of the dungeon, and saw 12 of its levels.

You collected 420 gold pieces.

Inventory:

Hand weapons
 m - a cursed +1 short sword of venom
 t - a +0 dagger
 w - a +0 dagger of venom (weapon)
 D - a +2 dagger of freezing
 O - a +2 dagger of freezing
Armour
 a - a +0 robe (worn)
 b - a +0 hat (worn)
 r - a +1 cloak (worn)
Magical devices
 C - a wand of magic darts (25)
 I - a wand of disintegration (10)
 L - a wand of frost (23)
Scrolls
 o - 3 scrolls of teleportation
 q - 2 scrolls of remove curse
 s - a scroll of recharging
Potions
 e - 2 potions of resistance
 f - a potion of flight {unknown}
 h - a potion of invisibility {unknown}
 i - 2 potions of magic
 j - a potion of brilliance {unknown}
 k - 2 potions of curing
 v - 3 potions of restore abilities
 A - a potion of cancellation {unknown}
 F - 3 potions of heal wounds {unknown}
Books
 c - a book of Minor Magic

   Spells                             Type                      Level
   a - Magic Dart                     Conjuration                  1
   b - Blink                          Translocation                2
   c - Call Imp                       Summoning                    2
   d - Repel Missiles                 Charms/Air                   2
   e - Slow                           Hexes                        2
   f - Conjure Flame                  Conjuration/Fire             3
   g - Mephitic Cloud                 Conjuration/Poison/Air       3
 u - a book of the Tempests

   Spells                             Type                      Level
   a - Static Discharge               Conjuration/Air              3
   b - Lightning Bolt                 Conjuration/Air              5
   c - Fireball                       Conjuration/Fire             5
   d - Tornado                        Air                          9
   e - Shatter                        Earth                        9
 x - a Fen Folio

   Spells                             Type                      Level
   a - Corpse Rot                     Necromancy                   2
   b - Stone Arrow                    Conjuration/Earth            3
   c - Leda's Liquefaction            Hexes/Earth                  4
   d - Summon Forest                  Summoning/Translocation      5
   e - Hydra Form                     Transmutation                6
   f - Summon Hydra                   Summoning                    7
 y - a book of Transfigurations

   Spells                             Type                      Level
   a - Stoneskin                      Transmutation/Earth          2
   b - Irradiate                      Conjuration/Transmutation    5
   c - Statue Form                    Transmutation/Earth          6
   d - Hydra Form                     Transmutation                6
   e - Dragon Form                    Transmutation                7
 z - a book of the Dragon

   Spells                             Type                      Level
   a - Flight                         Charms/Air                   3
   b - Cause Fear                     Hexes                        4
   c - Bolt of Fire                   Conjuration/Fire             6
   d - Dragon Form                    Transmutation                7
   e - Dragon's Call                  Summoning                    9
 B - a book of Burglary

   Spells                             Type                      Level
   a - Swiftness                      Charms/Air                   2
   b - Passwall                       Transmutation/Earth          3
   c - Passage of Golubria            Translocation                4
   d - Lee's Rapid Deconstruction     Earth                        5
   e - Invisibility                   Hexes                        6
   f - Darkness                       Hexes                        7
 G - a book of Conjurations

   Spells                             Type                      Level
   a - Magic Dart                     Conjuration                  1
   b - Searing Ray                    Conjuration                  2
   c - Dazzling Spray                 Conjuration/Hexes            3
   d - Fulminant Prism                Conjuration/Hexes            4
   e - Iskenderun's Mystic Blast      Conjuration                  4
   f - Iskenderun's Battlesphere      Conjuration/Charms           5
 H - a book of Unlife

   Spells                             Type                      Level
   a - Recall                         Summoning/Translocation      3
   b - Animate Dead                   Necromancy                   4
   c - Control Undead                 Necromancy                   4
   d - Cigotuvi's Embrace             Necromancy                   5
   e - Death Channel                  Necromancy                   6
   f - Simulacrum                     Ice/Necromancy               6
Comestibles
 d - 9 bread rations
 g - 2 slices of pizza
 K - 4 beef jerkies
 N - a meat ration


   Skills:
 + Level 3.6 Fighting
 + Level 7.0 Dodging
 - Level 2.4 Stealth
 * Level 11.3 Spellcasting
 + Level 6.8 Conjurations
 + Level 0.0 Charms
 - Level 3.8 Summonings
 + Level 2.2 Translocations
 * Level 0.0 Transmutations
 * Level 2.8 Fire Magic
 - Level 3.8 Air Magic
 * Level 3.3 Earth Magic
 - Level 2.8 Poison Magic
 * Level 0.0 Invocations
 + Level 0.0 Evocations


You had 11 spell levels left.
You knew the following spells:

 Your Spells              Type           Power        Failure   Level  Hunger
a - Magic Dart            Conj           ####         1%          1    None
b - Conjure Flame         Conj/Fire      #####...     1%          3    None
c - Call Imp              Summ           #####...     1%          2    None
d - Blink                 Tloc           N/A          1%          2    None
e - Mephitic Cloud        Conj/Pois/Air  #####...     1%          3    None
f - Repel Missiles        Chrm/Air       ####..       2%          2    None
g - Stoneskin             Trmt/Erth      ###.....     2%          2    None
z - Fireball              Conj/Fire      #####.....   17%         5    ###....


Dungeon Overview and Level Annotations

Branches:
Dungeon (10/15)            Temple (1/1) D:6            Lair (1/8) D:8
    Orc: D:9-12

Altars:
Ashenzari
Cheibriados
Elyvilon
Fedhas
Gozag
Kikubaaqudgha
Makhleb
Nemelex Xobeh
Okawaru
Qazlal
Ru
Sif Muna
Trog
Vehumet
Xom
Yredelemnul
Zin
The Shining One

Shops:
D:5 [


Message History

Casting: Conjure Flame
Confirm with . or Enter, or press ? or * to list all spells.
Aiming: Conjure Flame
Press: ? - help, Dir - move target cursor The fire roars!
You feel sick.
The black mamba is engulfed in roaring flames.
The black mamba bites you.
The black mamba is engulfed in roaring flames.
The black mamba bites you!!
* * * LOW HITPOINT WARNING * * *
Drink which item? (? for menu, Esc to quit)
You feel better.
The black mamba is engulfed in roaring flames.
The black mamba bites you!
* * * LOW HITPOINT WARNING * * *
You are lethally poisoned!
The black mamba poisons you!
The spiny frog is engulfed in roaring flames.
The spiny frog stings you!!
You die...

# ....
..... ....
.S. ..
#.##
##.F##.#
#..@...#
##..S..#
#...ยง.#
#.......
#......#..
#######..
.


You could see a black mamba, a spiny frog and a water moccasin.

Vanquished Creatures
  Joseph (D:7)
  A komodo dragon (D:8)
  Eustachio (D:5)
  Edmund (D:7)
  Menkaure (D:7)
  2 phantoms
  2 orc warriors (D:8)
  A necrophage (D:3)
  4 ogres
  3 centaurs
  A big kobold (D:7)
  4 giant frogs
  5 killer bees (D:8)
  8 wights
  5 jellies
  A goliath beetle (D:6)
  2 crimson imps (D:6)
  6 orc priests
  2 giant frog skeletons
  6 hounds
  A quasit (D:6)
  6 worker ants
  6 orc wizards
  An iguana (D:9)
  A killer bee zombie (D:8)
  2 hound skeletons
  2 worker ant zombies
  3 gnolls (D:7)
  3 shadow imps
  12 adders
  2 giant mites (D:5)
  4 worms
  2 adder zombies
  3 adder skeletons
  6 giant geckos
  21 orcs
  A ball python (D:3)
  A giant cockroach (D:3)
  10 goblins
  15 hobgoblins
  9 jackals
  16 kobolds
  3 quokkas
  15 bats
  A giant gecko skeleton (D:7)
  7 giant newts
  8 rats
218 creatures vanquished.

Vanquished Creatures (others)
  An ogre (D:7)
  A plant (D:8)
2 creatures vanquished.

Grand Total: 220 creatures vanquished

Notes
Turn   | Place    | Note
--------------------------------------------------------------
     0 | D:1      | faibistes, the Deep Elf Wizard, began the quest for the Orb.
     0 | D:1      | Reached XP level 1. HP: 10/10 MP: 6/6
   589 | D:1      | Reached XP level 2. HP: 12/15 MP: 2/10
   631 | D:1      | Learned a level 2 spell: Blink
   634 | D:1      | Learned a level 2 spell: Call Imp
   887 | D:1      | Reached skill level 5 in Spellcasting
  1252 | D:2      | Reached XP level 3. HP: 19/19 MP: 7/14
  1260 | D:2      | Learned a level 3 spell: Conjure Flame
  1264 | D:2      | Learned a level 3 spell: Mephitic Cloud
  1307 | D:2      | Found an opulent altar of Gozag.
  1310 | D:2      | Found a glowing silver altar of Zin.
  1608 | D:5      | Entered Level 5 of the Dungeon
  1801 | D:3      | Reached XP level 4. HP: 6/24 MP: 8/17
  1808 | D:3      | Learned a level 2 spell: Repel Missiles
  2291 | D:3      | Noticed a necrophage
  2305 | D:3      | Killed a necrophage
  2305 | D:3      | Reached skill level 6 in Spellcasting
  2305 | D:3      | Reached XP level 5. HP: 28/28 MP: 1/20
  3352 | D:4      | Reached XP level 6. HP: 32/32 MP: 19/22
  3415 | D:4      | Noticed an ogre
  3424 | D:4      | Killed an ogre
  4173 | D:5      | Reached skill level 7 in Spellcasting
  4471 | D:5      | Noticed Eustachio
  4612 | D:5      | Killed Eustachio
  4612 | D:5      | Reached skill level 1 in Fighting
  4612 | D:5      | Reached XP level 7. HP: 34/39 MP: 18/25
  4674 | D:5      | Reached skill level 5 in Dodging
  4870 | D:6      | Reached skill level 8 in Spellcasting
  5269 | D:5      | Noticed an ogre
  5277 | D:5      | Killed an ogre
  5290 | D:5      | Noticed an ogre
  5298 | D:5      | Killed an ogre
  5383 | D:5      | Found Zeryfinuha's Antique Armour Shoppe.
  5553 | D:5      | Reached XP level 8. HP: 46/46 MP: 23/28
  5646 | D:6      | Reached skill level 9 in Spellcasting
  6037 | D:7      | Noticed Menkaure
  6074 | D:6      | Found a staircase to the Ecumenical Temple.
  6317 | Temple   | Entered the Ecumenical Temple
  6470 | Temple   | Became a worshipper of Sif Muna the Loreminder
  6528 | Temple   | Learned a level 2 spell: Stoneskin
  6534 | Temple   | Learned a level 5 spell: Fireball
  6836 | D:6      | Reached skill level 1 in Air Magic
  6849 | D:6      | Reached skill level 1 in Fire Magic
  6853 | D:6      | Reached skill level 1 in Earth Magic
  7433 | D:6      | Acquired Sif Muna's first power
  7665 | D:7      | Reached skill level 1 in Poison Magic
  7754 | D:7      | Noticed Joseph
  7754 | D:7      | Noticed Edmund
  7790 | D:7      | Killed Joseph
  7790 | D:7      | Reached XP level 9. HP: 22/51 MP: 16/30
  7987 | D:7      | Killed Menkaure
  7987 | D:7      | Reached skill level 10 in Spellcasting
  8014 | D:7      | Killed Edmund
  8014 | D:7      | Reached skill level 5 in Conjurations
  8533 | D:7      | Acquired Sif Muna's second power
  9073 | D:7      | Found an opulent altar of Gozag.
  9130 | D:7      | Found a blossoming altar of Fedhas.
  9742 | D:8      | Noticed a komodo dragon
 10147 | D:8      | Found a staircase to the Lair.
 10253 | D:8      | Found an ancient bone altar of Kikubaaqudgha.
 10255 | D:8      | Found a white marble altar of Elyvilon.
 10314 | D:8      | Found a burning altar of Makhleb.
 10318 | D:8      | Found a glowing golden altar of the Shining One.
 10597 | D:8      | Reached skill level 11 in Spellcasting
 10933 | D:10     | Entered Level 10 of the Dungeon
 10942 | D:9      | Reached XP level 10. HP: 56/56 MP: 27/32
 11442 | D:8      | Killed a komodo dragon
 11657 | Lair:1   | Entered Level 1 of the Lair of Beasts
 11657 | Lair:1   | Noticed a black mamba
 11661 | Lair:1   | Mangled by a spiny frog

Action                   |  1- 3 |  4- 6 |  7- 9 | 10-12 || total
-------------------------+-------+-------+-------+-------++-------
Melee: Dagger            |       |     2 |    78 |     8 ||    88
       Short sword       |       |    10 |    14 |       ||    24
 Cast: Magic Dart        |    77 |   112 |   371 |    22 ||   582
       Conjure Flame     |       |    10 |    45 |    12 ||    67
       Repel Missiles    |       |     1 |     2 |       ||     3
       Mephitic Cloud    |       |    14 |    30 |     3 ||    47
       Blink             |       |    10 |    10 |       ||    20
       Fireball          |       |       |    12 |       ||    12
Evoke: Wand              |       |       |     5 |       ||     5
  Use: Scroll            |     3 |     1 |     5 |     6 ||    15
       Potion            |       |       |     3 |     1 ||     4
 Stab: Confused          |       |     1 |     2 |     1 ||     4
       Sleeping          |       |     1 |       |       ||     1
  Eat: Chunk             |     2 |     9 |    15 |     2 ||    28
       Fruit             |       |       |     3 |       ||     3
       Beef jerky        |       |       |     2 |       ||     2
